 Dungeon Crawl Stone Soup version 0.30-a0-360-g447f08457e (webtiles) character file.

Game seed: 17407497130482317849

2047 porpoise the Fighter (level 9, -1/71 HPs)
             Began as a Djinni Fire Elementalist on Nov 14, 2022.
             Slain by Blork the orc
             ... wielding a +0 vorpal scimitar
              (10 damage)
             ... on level 5 of the Dungeon.
             The game lasted 00:28:58 (5094 turns).

porpoise the Fighter (Djinni Fire Elementalist)     Turns: 5094, Time: 00:28:59

Health: -1/71      AC:  2    Str:  7    XL:     9   Next: 49%
Gold:   278        EV: 12    Int: 21    God:
                   SH:  0    Dex: 14

rFire   + + .      SeeInvis .    a - +1 dagger (drain)
rCold   x . .      Faith    .    (no shield)
rNeg    . . .      Spirit   .    b - +0 robe
rPois   ∞          Reflect  .    (no helmet)
rElec   .          Harm     .    (no cloak)
rCorr   .          Rampage  .    (no gloves)
Will    .....                    (boots unavailable)
Stlth   ++........               (no amulet)
HPRegen 0.31/turn                e - ring of wizardry
MPRegen 0.00/turn                (no ring)

@: confusing by touch, flying
A: sickness immunity, fire resistance 2, cold vulnerability 1, float, innate
caster, HP casting, extra vitality 1
a: no special abilities


You were on level 5 of the Dungeon.
You visited 2 branches of the dungeon, and saw 6 of its levels.
You also visited: Sewer and Ossuary.

You collected 278 gold pieces.

Inventory:

Hand Weapons
 a - a +1 dagger of draining (weapon)
 k - a +0 short sword
 o - a +0 rapier
Missiles
 i - 4 boomerangs
 n - 10 poisoned darts (quivered)
Armour
 b - a +0 robe (worn)
Jewellery
 e - a ring of wizardry (left hand)
Scrolls
 h - 4 scrolls of fear
 l - 5 scrolls of teleportation
 m - a scroll of amnesia {unknown}
 r - a scroll of fog {unknown}
 u - a scroll of noise {unknown}
 v - a scroll of vulnerability {unknown}
Potions
 c - 2 potions of ambrosia
 d - a potion of attraction
 f - 4 potions of cancellation
 g - 3 potions of curing
 j - 2 potions of invisibility
 p - 2 potions of heal wounds
 q - 3 potions of haste
 s - 2 potions of brilliance {unknown}
 t - a potion of degeneration {unknown}


   Skills:
 + Level 8.3 Fighting
 - Level 2.1 Dodging
 - Level 1.5 Stealth
 + Level 6.9 Spellcasting


You couldn't memorise any spells.
You knew the following spells:

 Your Spells              Type           Power      Damage    Failure   Level
a - Foxfire               Conj/Fire      100%       2x1d9     1%          1
b - Scorch                Fire           72%        2d9       1%          2
c - Kindle Blastsparks    Fire/Tloc/Air  72%        2d16      1%          3
d - Inner Flame           Hex/Fire       36%        N/A       1%          3
e - Flame Wave            Conj/Fire      36%        2d10      2%          4
f - Slow                  Hex            100%       N/A       1%          1
s - Static Discharge      Conj/Air       72%        2-5/arc   1%          2
t - Confusing Touch       Hex            36%        N/A       1%          3
v - Vhi's Electric Charg  Tloc/Air       72%        N/A       1%          3
Your spell library was empty.

Dungeon Overview and Level Annotations

Branches:
Dungeon (5/15)             Temple (1/1) D:5           Sewer (visited)
Ossuary (visited)

Altars:
Ashenzari
Cheibriados
Dithmenos
Elyvilon
Nemelex Xobeh
Ru
Trog
Wu Jian
Xom
Yredelemnul
Zin
The Shining One

Annotations:
D:5 Blork the orc


Innate Abilities, Weirdness & Mutations

You are immune to sickness and miasma.
You are immune to poison.
Your flesh is very heat resistant. (rF++)
You are vulnerable to cold. (rC-)
You float through the air rather than walking.
You learn spells naturally, not from books.
Your magical power is your life essence.
You have superior vitality. (+4 MHP)


Message History

Duvessa is severely wounded.
The flame wave engulfs Dowan!
Dowan is almost dead.
You finish channelling waves of flame.
Duvessa completely misses you.
Casting: Flame Wave (dangerous; 2% risk of failure)
Confirm with . or Enter, or press ? or * to list all spells.
Casting: Flame Wave (dangerous; 2% risk of failure)
Press: ? - help, Dir - look around, f - activate A wave of flame ripples out!
The flame wave engulfs Duvessa!
Duvessa is almost dead.
The flame wave engulfs Dowan!
You kill Dowan!
Duvessa weeps, and shakes her weapon.
Duvessa goes berserk! (Press . to intensify the flame waves.) Duvessa hits you with a +1 short sword of venom.
A wave of flame ripples out!
The flame wave engulfs Duvessa!
You kill Duvessa!
The flame wave engulfs Blork the orc.
Blork the orc is lightly wounded.
Blork the orc looks braver for a moment.
A wave of flame ripples out!
The flame wave engulfs Blork the orc!
Blork the orc is moderately wounded.
You finish channelling waves of flame.
Blork the orc looks braver for a moment.
Blork the orc hits you with a +0 vorpal scimitar!
* * * LOW HITPOINT WARNING * * *
x2
Casting: Flame Wave (dangerous; 2% risk of failure)
Confirm with . or Enter, or press ? or * to list all spells.
Flames lash Blork the orc.
Blork the orc is severely wounded.
Blork the orc's fire resistance burns away.
* * * LOW HITPOINT WARNING * * *
Blork the orc closely misses you.
Casting: Scorch (safe; 1% risk of failure)
Confirm with . or Enter, or press ? or * to list all spells.
Your hands begin to glow red.
* * * LOW HITPOINT WARNING * * *
Blork the orc hits you with a +0 vorpal scimitar!
You die...

...## # ..(## #. ..... # #.. ...$
... #.##..###..# #.?.(.#...##
#...o......# ###..@)...##
##.#........## ####
#####..#..........
#..####.#...............
.....#..................
#...###..#.##........... ...##
#.⌠.# #............#...# ..#.###
#...###.<###.......#...# ##.....#
.........##........#...###......#


You could see Blork the orc (fast, combustible).

Vanquished Creatures
  Grinder (D:3)
  Duvessa (D:5)
  An ice beast (D:5)
  A kobold brigand (Sewer)
  A bullfrog (D:5)
  A necrophage (D:4)
  14 scorpions
  Dowan (D:5)
  A centaur zombie (Ossuary)
  An orc priest (D:3)
  A jelly (D:5)
  2 human zombies (Ossuary)
  3 iguanas
  An orc wizard (D:3)
  4 scorpion zombies (Ossuary)
  3 mummies (Ossuary)
  4 adders
  3 river rats (Sewer)
  A white imp (D:5)
  5 worms
  2 dart slugs
  6 orcs (D:3)
  9 bats
  7 endoplasms
  A giant cockroach (D:1)
  7 goblins
  5 hobgoblins
  11 jackals
  7 quokkas
  6 ball pythons
  A frilled lizard (D:3)
  A gnoll zombie (Ossuary)
  3 goblin zombies
  3 hobgoblin zombies (Ossuary)
  7 kobolds
  A kobold zombie (Ossuary)
  2 orc zombies (Ossuary)
  9 rats
  A rat zombie (D:5)
139 creatures vanquished.

Vanquished Creatures (others)
  301 foxfires
301 creatures vanquished.

Grand Total: 440 creatures vanquished

Notes
Turn   | Place    | Note
-------+----------+-------------------------------------------
     0 | D:1      | porpoise the Djinni Fire Elementalist began the quest for
                  | the Orb.
     0 | D:1      | porpoise set off with the following spells memorised:
                  | Foxfire, Scorch, Kindle Blastsparks, Inner Flame, Flame
                  | Wave.
     0 | D:1      | Reached XP level 1. HP: 15/15 MP: 0/0
   120 | D:1      | Reached XP level 2. HP: 22/22 MP: 0/0
   169 | D:1      | Reached skill level 1 in Fighting
   317 | D:1      | Reached XP level 3. HP: 26/27 MP: 0/0
   317 | D:1      | Learned a level 1 spell: Slow
   763 | D:2      | Reached skill level 2 in Fighting
   965 | D:2      | Reached XP level 4. HP: 17/33 MP: 0/0
  1633 | D:3      | Reached XP level 5. HP: 13/40 MP: 0/0
  1633 | D:3      | Learned a level 2 spell: Static Discharge
  1635 | D:3      | HP: 1/40 [/static electricity (2)]
  1645 | D:3      | Reached skill level 3 in Fighting
  1788 | D:3      | Noticed Grinder
  1808 | D:3      | Killed Grinder
  1809 | D:3      | Reached skill level 4 in Fighting
  1809 | D:3      | Reached XP level 6. HP: 29/48 MP: 0/0
  1891 | D:3      | Found a glowing silver altar of Zin.
  2053 | D:3      | Found a shadowy altar of Dithmenos.
  2103 | D:3      | Found a glowing drain.
  2108 | Sewer    | Entered a sewer
  2120 | Sewer    | Reached XP level 7. HP: 36/53 MP: 0/0
  2120 | Sewer    | Learned a level 3 spell: Confusing Touch
  2349 | Sewer    | Found a white marble altar of Elyvilon.
  2707 | D:4      | Reached skill level 5 in Fighting
  3656 | D:5      | Entered Level 5 of the Dungeon
  3656 | D:5      | Found a staircase to the Ecumenical Temple.
  3664 | Temple   | Entered the Ecumenical Temple
  3811 | D:5      | Found a basalt altar of Yredelemnul.
  3870 | D:5      | Reached skill level 5 in Spellcasting
  3870 | D:5      | Reached XP level 8. HP: 14/60 MP: 0/0
  4058 | D:5      | Reached skill level 6 in Fighting
  4080 | D:5      | Found a sand-covered staircase.
  4091 | Ossuary  | Entered an ossuary
  4527 | Ossuary  | Reached skill level 7 in Fighting
  4721 | Ossuary  | Reached XP level 9. HP: 65/68 MP: 0/0
  4721 | Ossuary  | Learned a level 3 spell: Vhi's Electric Charge
  4755 | Ossuary  | Reached skill level 8 in Fighting
  5083 | D:5      | Noticed Duvessa
  5083 | D:5      | Noticed Blork the orc
  5085 | D:5      | Noticed Dowan
  5090 | D:5      | Killed Dowan
  5091 | D:5      | Killed Duvessa
  5094 | D:5      | Slain by Blork the orc

Illustrated notes

Levels and vault maps discovered:
D:1:      evilmike_arrival_plus, layout_basic, amethyst_killhole,
          chequers_serial_rivers_room_a
D:2:      layout_basic, minmay_misc_feat_doors
D:3:      layout_rooms, zin_statuary, nicolae_dithmenos_the_darkroom,
          portal_sewer_entry_e, kennysheep_potato, uniq_grinder
D:4:      layout_gridville
D:5:      layout_cave_pools, nicolae_overflow_crystal_walls,
          minmay_temple_entry_junction, enter_ossuary_4, uniq_duvessa,
          uniq_blork_the_orc, uniq_crazy_yiuf_cottage
Temple:   jpeg_temple_clearing

Skill      XL: |  1  2  3  4  5  6  7  8  9 |
---------------+----------------------------+-----
Fighting       | 1 2 4 5 7 8 |  8.3
Spellcasting   | 3 4 5 6 |  6.9
Dodging        | |  2.1
Stealth        | |  1.5

Action                   |  1- 3 |  4- 6 |  7- 9 || total
-------------------------+-------+-------+-------++-------
Melee: Unarmed           |     1 |       |       ||     1
       Short sword       |     9 |    11 |       ||    20
       Punch             |     1 |       |       ||     1
       Rapier            |       |     9 |     2 ||    11
       Dagger            |       |       |    37 ||    37
Throw: Dart              |       |       |     1 ||     1
 Cast: Foxfire           |    46 |    30 |    90 ||   166
       Scorch            |     9 |    15 |    37 ||    61
       Slow              |       |     2 |     1 ||     3
       Static Discharge  |       |     5 |     2 ||     7
       Confusing Touch   |       |       |     3 ||     3
       Kindle Blastspark |       |       |     2 ||     2
       Flame Wave        |       |       |     6 ||     6
       Vhi's Electric Ch |       |       |     2 ||     2
  Use: Scroll            |       |     2 |     8 ||    10
       Potion            |       |     2 |       ||     2
 Stab: Sleeping          |     1 |       |       ||     1
       Confused          |       |       |     1 ||     1
Armor: Robe              |     4 |     3 |     6 ||    13
Dodge: Dodged            |    13 |    25 |    38 ||    76

Table legend: (Time is in decaauts)
 A = Elapsed time spent in this place.
 B = Non-inter-level travel time spent in this place.
 C = Inter-level travel time spent in this place.
 D = Time resting spent in this place.
 E = Time spent auto-exploring this place.
 F = Levels seen in this place.
 G = Mean time per level.
                   A        B        C        D        E       F      G
               +--------+--------+--------+--------+--------+-----+--------+
         Total |   5092 |   4953 |    139 |   1295 |   2274 |   8 |  636.5 |
       Dungeon |   3815 |   3689 |    126 |    622 |   2195 |   5 |  763.0 |
        Temple |     88 |     75 |     13 |      0 |     56 |   1 |   88.0 |
         Sewer |    281 |    281 |      0 |    136 |     23 |   1 |  281.0 |
       Ossuary |    906 |    906 |      0 |    537 |      0 |   1 |  906.0 |
               +--------+--------+--------+--------+--------+-----+--------+

Top non-repeatable levels by time:
     D:4: 977 daAuts
 Ossuary: 906 daAuts
     D:3: 904 daAuts
     D:2: 790 daAuts
     D:1: 700 daAuts
     D:5: 442 daAuts
   Sewer: 281 daAuts
  Temple: 88 daAuts
